 Dungeon Crawl Stone Soup version 0.29-a0-925-g0a7a3d12f8 (webtiles) character file.

Game seed: 1627999884162968009

4286 sanka the Destroyer (level 10, -4/74 HPs)
             Began as a Gnoll Conjurer on July 28, 2022.
             Was an Initiate of Ashenzari.
             Slain by a killer bee (8 damage)
             ... on level 8 of the Dungeon.
             The game lasted 00:18:24 (9812 turns).

sanka the Destroyer (Gnoll Conjurer)                Turns: 9812, Time: 00:18:26

Health: -4/74      AC:  7    Str:  4 (7)  XL:     10   Next: 32%
Magic:  21/21      EV: 15    Int: 24 (25) God:    Ashenzari [......]
Gold:   378        SH:  0    Dex: 14 (15) Spells: 16/23 levels left

rFire   . . .      SeeInvis .   a - +3 woodcutter's axe {vorpal}
rCold   . . .      Faith    .   (shield currently unavailable)
rNeg    . . .      Spirit   .   F - +0 steam dragon scales
rPois   .          Reflect  .   (no helmet)
rElec   .          Harm     .   (no cloak)
rCorr   .          Rampage  .   x - +0 pair of gloves
Will    +....                   (no boots)
Stlth   +++.......              (no amulet)
HPRegen 0.22/turn               J - ring of willpower
MPRegen 0.17/turn               o - +6 ring of dexterity

@: lethally poisoned (-4 -> -8), attractive
A: fangs 1, strong nose, distributed training, clever 1, wild magic 1, sturdy
frame 1
a: Renounce Religion


You were on level 8 of the Dungeon.
You worshipped Ashenzari.
Ashenzari was noncommittal.
You visited 2 branches of the dungeon, and saw 9 of its levels.
You also visited: Sewer.

You collected 378 gold pieces.


Innate Abilities, Weirdness & Mutations

You have very sharp teeth.
Your uncanny sense of smell can sniff out nearby items.
Your experience applies equally to all skills.
Your mind is acute. (Int +4, Str/Dex -1)
Your spells are a little harder to cast, but a little more powerful.
Your movements are slightly less encumbered by armour. (ER -2)


   Skills:
 + Level 5.3 Fighting
 + Level 5.3 Short Blades
 + Level 5.3 Long Blades
 + Level 5.3 Axes
 + Level 5.3 Maces & Flails
 + Level 5.3 Polearms
 + Level 5.3 Staves
 + Level 5.3 Ranged Weapons
 + Level 5.3 Throwing
 + Level 5.3 Armour
 + Level 7.1 Dodging
 + Level 6.9 Stealth
 + Level 5.3 Shields
 + Level 5.3 Unarmed Combat
 + Level 7.4 Spellcasting
 + Level 8.5 Conjurations
 + Level 4.4 Hexes
 + Level 4.4 Summonings
 + Level 4.4 Necromancy
 + Level 4.4 Translocations
 + Level 4.4 Transmutations
 + Level 4.4 Fire Magic
 + Level 4.4 Ice Magic
 + Level 4.4 Air Magic
 + Level 4.4 Earth Magic
 + Level 4.4 Poison Magic
 + Level 5.9 Invocations
 + Level 5.3 Evocations


You had 16 spell levels left.
You knew the following spells:

 Your Spells              Type           Power      Damage    Failure   Level
x - Searing Ray           Conj           100%       2d8       1%          2
z - Magic Dart            Conj           100%       1d8       1%          1
Z - Fulminant Prism       Conj/Hex       25%        3d14      8%          4

Your spell library contained the following spells:

 Spells                   Type           Power      Damage    Failure   Level
 Slow                     Hex            100%       N/A       2%          1
 Dazzling Flash           Conj/Hex       100%       N/A       2%          3
 Ensorcelled Hibernation  Hex/Ice        78%        N/A       3%          2
 Confusing Touch          Hex            39%        N/A       5%          3
 Frozen Ramparts          Ice            78%        1d9       5%          3
 Gell's Gravitas          Tloc           39%        N/A       5%          3
 Lesser Beckoning         Tloc           39%        N/A       5%          3
 Spider Form              Tmut/Pois      39%        N/A       5%          3
 Teleport Other           Tloc           39%        N/A       5%          3
 Vampiric Draining        Necr           39%        2d8       5%          3
 Iskenderun's Mystic Bla  Conj/Tloc      51%        2d11      8%          4
 Anguish                  Hex/Necr       19%        N/A       16%         4
 Animate Armour           Summ/Erth      78%        N/A       16%         4
 Ice Form                 Ice/Tmut       39%        N/A       16%         4
 Summon Ice Beast         Ice/Summ       39%        N/A       16%         4
 Freezing Cloud           Conj/Ice/Air   23%        6-21      26%         5

Inventory:

Hand Weapons
 a - the +3 woodcutter's axe (weapon) {vorpal}

   It inflicts extra damage upon your enemies.
 b - a +0 dagger
 t - a +0 long sword
 v - a +0 trident
 H - a +1 antimagic dire flail
 I - a +4 sling
Missiles
 w - 2 poisoned darts
 D - 2 throwing nets {=f}
Armour
 x - a +0 pair of gloves (worn)
 E - the +2 robe of Zoir {*Corrode rC++ Str+3}

   Str:       It affects your strength (+3).
   rC:        It greatly protects you from cold.
   *Corrode:  It may corrode you when you take damage.
 F - +0 steam dragon scales (worn)
Magical Staves
 y - a staff of death
 M - a staff of conjuration {!a}
 N - a staff of conjuration {!a}
Jewellery
 o - a +6 ring of dexterity (right hand)
 J - a ring of willpower (left hand)
Wands
 i - a wand of roots (7)
 A - a wand of charming (10)
 C - a wand of polymorph (10)
Scrolls
 c - 6 scrolls of identify {unknown}
 d - a scroll of enchant armour {unknown}
 e - a scroll of amnesia {unknown}
 g - 3 scrolls of magic mapping {unknown}
 l - 2 scrolls of fear {unknown}
 m - a scroll of acquirement {unknown}
 p - 3 scrolls of enchant weapon {unknown}
 r - 2 scrolls of silence {unknown}
 s - 3 scrolls of teleportation {unknown}
 G - a scroll of vulnerability {unknown}
 L - a scroll of noise {unknown}
Potions
 f - a potion of degeneration {!q}
 h - 2 potions of might
 j - 2 potions of magic
 k - 3 potions of brilliance
 n - a potion of attraction {!q}
 q - 4 potions of mutation {!q}
 B - a potion of ambrosia {unknown}
 K - a potion of resistance {unknown}

Dungeon Overview and Level Annotations

Branches:
Dungeon (8/15)             Temple (1/1) D:7           Sewer (visited)
   Lair: D:8-11

Altars:
Ashenzari
Cheibriados
Dithmenos
Fedhas
Hepliaklqana
Kikubaaqudgha
Makhleb
Nemelex Xobeh
Okawaru
Qazlal
Ru
Sif Muna
Trog
Uskayaw
Vehumet
Wu Jian
Xom
Yredelemnul
Zin
The Shining One

Shops:
D:3 =

Annotations:
D:5 2 runed translucent doors, exclusion: 2 doors, Tenar's ghost, novice DsEE
D:7 1 runed translucent door, leavemydog's ghost, novice HOFi

▒.▒ ▒▒▒ ▒.▒
▒.. ▒.▒ .. ▒.▒
▒.▒ ▒.▒ ▒. ▒.▒
▒(▒ ▒.▒ ▒.. ▒▒
▒.▒ ▒.▒ ▒.▒
▒..▒▒▒▒. ▒.▒
▒.▒ ▒.▒ .
..▒▒.
▒.▒▒▒#▒▒▒.▒▒▒
▒.▒.▒▒.
▒....yy.....▒
▒.▒.▒▒.
▒▒▒▒▒yg.....▒
▒...†..
▒▒▒▒▒...▒
▒▒▒)▒▒. ▒▒.▒▒
▒)▒▒. ▒)▒
▒.▒▒. ▒.▒
▒.▒▒. ▒)▒
▒▒▒▒▒▒>▒▒. ▒.▒
▒......▒▒▒
▒.▒▒▒.▒.▒.▒.▒.
▒.▒▒<[........


You could see 3 killer bees.


Message History

Unknown command.
It was a potion of invisibility.
You fade into invisibility!
You feel sick. The killer bee misses you. The killer bee completely misses you.
The killer bee closely misses you. The killer bee completely misses you.
The killer bee misses you.
The killer bee stings you but does no damage.
Unknown command.
Unknown command.
Unknown command.
You feel sick. The killer bee misses you. The killer bee closely misses you.
You feel sick. The killer bee closely misses you.
The killer bee closely misses you. The killer bee closely misses you.
The killer bee is attracted toward you.
It was a potion of cancellation.
Your magical effects are unravelling.
You feel magically purged.
You flicker back into view.
You feel sick. The killer bee stings you.
* * * LOW HITPOINT WARNING * * *
The killer bee stings you!
You die...

Action                   |  1- 3 |  4- 6 |  7- 9 | 10-12 || total
-------------------------+-------+-------+-------+-------++-------
Melee: Unarmed           |    12 |       |       |       ||    12
       Bite              |     3 |     1 |     7 |     6 ||    17
       Punch             |     1 |       |       |     1 ||     2
       Spear             |       |    12 |       |       ||    12
       Dagger            |       |       |     4 |    11 ||    15
       Battleaxe         |       |       |    75 |    47 ||   122
 Fire: Sling             |       |    31 |   116 |       ||   147
 Cast: Magic Dart        |    74 |    32 |    15 |     9 ||   130
       Searing Ray       |       |     4 |    30 |       ||    34
       Fulminant Prism   |       |       |    18 |     3 ||    21
  Use: Potion            |       |       |     6 |     4 ||    10
 Stab: Sleeping          |       |       |     4 |     3 ||     7
       Distracted        |       |       |     1 |       ||     1
Armor: Robe              |     2 |     6 |     7 |       ||    15
       Steam dragon scal |       |       |    24 |    26 ||    50
Dodge: Dodged            |     9 |    27 |   162 |    60 ||   258

Levels and vault maps discovered:
D:1:      evilmike_arrival_plus, layout_basic, serial_glass, glass_columns_a,
          glass_columns_a
D:2:      layout_loops_cross, serial_undead, serial_undead_c, serial_undead_b,
          serial_undead_b, serial_undead_a,
          chequers_ecumenical_altar_simple_redux, minmay_tetromino_i2
D:3:      layout_rooms, minitemple, serial_shops, nicolae_shop_waterfront,
          uniq_grinder
D:4:      layout_rooms, gammafunk_ghost_necromancy
D:5:      layout_basic, portal_sewer_entry_e, ebering_ghost_sewer_f
D:6:      layout_rooms, mainiacjoe_overflow_tiny_flanked, uniq_edmund,
          uniq_blork_the_orc
D:7:      lemuel_slime, layout_loops_ring, minmay_temple_entry_junction_2,
          gammafunk_ghost_grave
D:8:      minmay_the_grid_square_5x5_3x3 [minmay_the_grid_square_5x5_gyroscope,
          minmay_the_grid_square_5x5_minibox, minmay_the_grid_square_5x5_six,
          minmay_the_grid_square_5x5_beaten_path,
          minmay_the_grid_square_5x5_megaprize_checkered,
          minmay_the_grid_square_5x5_broken_cross,
          minmay_the_grid_square_5x5_sharp_hourglass,
          minmay_the_grid_square_5x5_lines, minmay_the_grid_square_5x5_n_small],
          layout_loops_ring, lemuel_crystal_altar, st_stairs_10, uniq_erica,
          uniq_joseph
Temple:   nicolae_temple_no_exploring_needed

Notes
Turn   | Place    | Note
-------+----------+-------------------------------------------
     0 | D:1      | sanka the Gnoll Conjurer began the quest for the Orb.
     0 | D:1      | Reached XP level 1. HP: 13/13 MP: 6/6
   149 | D:1      | Reached XP level 2. HP: 19/19 MP: 4/7
   427 | D:1      | Reached skill level 5 in Spellcasting
   427 | D:1      | Reached XP level 3. HP: 25/25 MP: 4/9
  1125 | D:2      | Reached skill level 1 in Invocations
  1404 | D:2      | Learned a level 2 spell: Searing Ray
  1421 | D:2      | Reached skill level 1 in Fighting
  1421 | D:2      | Reached skill level 1 in Short Blades
  1421 | D:2      | Reached skill level 1 in Long Blades
  1421 | D:2      | Reached skill level 1 in Axes
  1421 | D:2      | Reached skill level 1 in Maces & Flails
  1421 | D:2      | Reached skill level 1 in Polearms
  1421 | D:2      | Reached skill level 1 in Staves
  1421 | D:2      | Reached skill level 1 in Ranged Weapons
  1421 | D:2      | Reached skill level 1 in Throwing
  1421 | D:2      | Reached skill level 1 in Armour
  1421 | D:2      | Reached skill level 1 in Shields
  1421 | D:2      | Reached skill level 1 in Unarmed Combat
  1421 | D:2      | Reached skill level 1 in Evocations
  1658 | D:2      | Reached XP level 4. HP: 32/32 MP: 7/11
  2022 | D:2      | Found a faded altar of an unknown god.
  2387 | D:3      | Noticed Grinder
  2531 | D:3      | Killed Grinder
  2532 | D:3      | Reached skill level 5 in Dodging
  2532 | D:3      | Reached skill level 1 in Hexes
  2532 | D:3      | Reached skill level 1 in Summonings
  2532 | D:3      | Reached skill level 1 in Necromancy
  2532 | D:3      | Reached skill level 1 in Translocations
  2532 | D:3      | Reached skill level 1 in Transmutations
  2532 | D:3      | Reached skill level 1 in Fire Magic
  2532 | D:3      | Reached skill level 1 in Ice Magic
  2532 | D:3      | Reached skill level 1 in Air Magic
  2532 | D:3      | Reached skill level 1 in Earth Magic
  2532 | D:3      | Reached skill level 1 in Poison Magic
  2532 | D:3      | Reached skill level 2 in Invocations
  2532 | D:3      | Reached XP level 5. HP: 29/38 MP: 2/12
  2532 | D:3      | Reached XP level 6. HP: 34/44 MP: 2/14
  2627 | D:3      | Found Poavuro's Jewellery Emporium.
  2760 | D:3      | Found an iron altar of Okawaru.
  2862 | D:3      | Reached skill level 2 in Fighting
  2862 | D:3      | Reached skill level 2 in Short Blades
  2862 | D:3      | Reached skill level 2 in Long Blades
  2862 | D:3      | Reached skill level 2 in Axes
  2862 | D:3      | Reached skill level 2 in Maces & Flails
  2862 | D:3      | Reached skill level 2 in Polearms
  2862 | D:3      | Reached skill level 2 in Staves
  2862 | D:3      | Reached skill level 2 in Ranged Weapons
  2862 | D:3      | Reached skill level 2 in Throwing
  2862 | D:3      | Reached skill level 2 in Armour
  2862 | D:3      | Reached skill level 2 in Shields
  2862 | D:3      | Reached skill level 2 in Unarmed Combat
  2862 | D:3      | Reached skill level 2 in Evocations
  3025 | D:3      | Found a sparkling altar of Nemelex Xobeh.
  3034 | D:3      | Found an ornate altar of the Wu Jian Council.
  3034 | D:3      | Found a hazy altar of Hepliaklqana.
  3036 | D:3      | Found a hide-covered altar of Uskayaw.
  3037 | D:3      | Found a burning altar of Makhleb.
  3038 | D:3      | Found an ancient bone altar of Kikubaaqudgha.
  3361 | D:4      | Found a runed translucent gate.
  3362 | D:4      | Found a runed translucent gate.
  3363 | D:4      | Found a runed translucent gate.
  3364 | D:4      | Noticed funkygono's ghost (amateur GrFE)
  3506 | D:4      | Reached XP level 7. HP: 50/50 MP: 15/15
  3578 | D:4      | Reached skill level 2 in Hexes
  3578 | D:4      | Reached skill level 2 in Summonings
  3578 | D:4      | Reached skill level 2 in Necromancy
  3578 | D:4      | Reached skill level 2 in Translocations
  3578 | D:4      | Reached skill level 2 in Transmutations
  3578 | D:4      | Reached skill level 2 in Fire Magic
  3578 | D:4      | Reached skill level 2 in Ice Magic
  3578 | D:4      | Reached skill level 2 in Air Magic
  3578 | D:4      | Reached skill level 2 in Earth Magic
  3578 | D:4      | Reached skill level 2 in Poison Magic
  4098 | D:4      | Killed funkygono's ghost
  4099 | D:4      | Reached skill level 5 in Stealth
  4099 | D:4      | Reached skill level 3 in Invocations
  4378 | D:5      | Entered Level 5 of the Dungeon
  4566 | D:5      | Found a glowing drain.
  4586 | D:5      | HP: 4/51 [river rat (5)]
  4830 | Sewer    | Entered a sewer
  4950 | Sewer    | Got the Excursus on the Dusty Blizzard
  4971 | Sewer    | Reached skill level 3 in Fighting
  4971 | Sewer    | Reached skill level 3 in Short Blades
  4971 | Sewer    | Reached skill level 3 in Long Blades
  4971 | Sewer    | Reached skill level 3 in Axes
  4971 | Sewer    | Reached skill level 3 in Maces & Flails
  4971 | Sewer    | Reached skill level 3 in Polearms
  4971 | Sewer    | Reached skill level 3 in Staves
  4971 | Sewer    | Reached skill level 3 in Ranged Weapons
  4971 | Sewer    | Reached skill level 3 in Throwing
  4971 | Sewer    | Reached skill level 3 in Armour
  4971 | Sewer    | Reached skill level 3 in Shields
  4971 | Sewer    | Reached skill level 3 in Unarmed Combat
  4971 | Sewer    | Reached skill level 3 in Evocations
  5042 | D:5      | Reached XP level 8. HP: 50/58 MP: 10/16
  5141 | D:5      | Identified the +2 robe of Zoir {*Corrode rC++ Str+3}
  5257 | D:5      | Reached skill level 6 in Spellcasting
  5544 | D:5      | Found a runed translucent door.
  5546 | D:5      | Noticed Tenar's ghost (novice DsEE)
  5652 | D:5      | Found a runed translucent door.
  5826 | D:5      | Learned a level 4 spell: Fulminant Prism
  5982 | D:6      | Identified +0 steam dragon scales
  5983 | D:6      | Reached skill level 3 in Hexes
  5983 | D:6      | Reached skill level 3 in Summonings
  5983 | D:6      | Reached skill level 3 in Necromancy
  5983 | D:6      | Reached skill level 3 in Translocations
  5983 | D:6      | Reached skill level 3 in Transmutations
  5983 | D:6      | Reached skill level 3 in Fire Magic
  5983 | D:6      | Reached skill level 3 in Ice Magic
  5983 | D:6      | Reached skill level 3 in Air Magic
  5983 | D:6      | Reached skill level 3 in Earth Magic
  5983 | D:6      | Reached skill level 3 in Poison Magic
  5983 | D:6      | Reached skill level 4 in Invocations
  6192 | D:5      | Reached skill level 6 in Dodging
  6379 | D:6      | Reached XP level 9. HP: 12/65 MP: 6/18
  6778 | D:6      | Noticed Blork the orc
  6786 | D:6      | Reached skill level 4 in Fighting
  6786 | D:6      | Reached skill level 4 in Short Blades
  6786 | D:6      | Reached skill level 4 in Long Blades
  6786 | D:6      | Reached skill level 4 in Axes
  6786 | D:6      | Reached skill level 4 in Maces & Flails
  6786 | D:6      | Reached skill level 4 in Polearms
  6786 | D:6      | Reached skill level 4 in Staves
  6786 | D:6      | Reached skill level 4 in Ranged Weapons
  6786 | D:6      | Reached skill level 4 in Throwing
  6786 | D:6      | Reached skill level 4 in Armour
  6786 | D:6      | Reached skill level 4 in Shields
  6786 | D:6      | Reached skill level 4 in Unarmed Combat
  6786 | D:6      | Reached skill level 4 in Evocations
  6790 | D:6      | Found the +3 woodcutter's axe {vorpal}
  6792 | D:6      | Found a basalt altar of Yredelemnul.
  6926 | D:6      | Killed Blork the orc
  6942 | D:6      | HP: 6/65 [poisoned by a water moccasin]
  6944 | D:6      | Gained mutation: Your movements are slightly less
                  | encumbered by armour. (ER -2) [potion of mutation]
  6944 | D:6      | Gained mutation: Your spells are a little harder to cast,
                  | but a little more powerful. [potion of mutation]
  6944 | D:6      | Gained mutation: Your mind is acute. (Int +4, Str/Dex -1)
                  | [potion of mutation]
  6948 | D:6      | HP: 6/65 [water moccasin (5)]
  6950 | D:6      | Reached skill level 6 in Stealth
  6950 | D:6      | Reached skill level 8 in Conjurations
  7248 | D:6      | Noticed Edmund
  7284 | D:6      | Killed Edmund
  7830 | D:7      | Reached skill level 5 in Invocations
  7857 | D:7      | Reached skill level 7 in Spellcasting
  8120 | D:7      | Reached skill level 4 in Hexes
  8120 | D:7      | Reached skill level 4 in Summonings
  8120 | D:7      | Reached skill level 4 in Necromancy
  8120 | D:7      | Reached skill level 4 in Translocations
  8120 | D:7      | Reached skill level 4 in Transmutations
  8120 | D:7      | Reached skill level 4 in Fire Magic
  8120 | D:7      | Reached skill level 4 in Ice Magic
  8120 | D:7      | Reached skill level 4 in Air Magic
  8120 | D:7      | Reached skill level 4 in Earth Magic
  8120 | D:7      | Reached skill level 4 in Poison Magic
  8313 | D:7      | Found a runed translucent door.
  8314 | D:7      | Noticed leavemydog's ghost (novice HOFi)
  8341 | D:7      | Found a staircase to the Ecumenical Temple.
  8352 | Temple   | Entered the Ecumenical Temple
  8361 | Temple   | Became a worshipper of Ashenzari the Shackled
  8402 | D:7      | Identified +0 steam dragon scales
  8403 | D:7      | Reached skill level 5 in Fighting
  8403 | D:7      | Reached skill level 5 in Short Blades
  8403 | D:7      | Reached skill level 5 in Long Blades
  8403 | D:7      | Reached skill level 5 in Axes
  8403 | D:7      | Reached skill level 5 in Maces & Flails
  8403 | D:7      | Reached skill level 5 in Polearms
  8403 | D:7      | Reached skill level 5 in Staves
  8403 | D:7      | Reached skill level 5 in Ranged Weapons
  8403 | D:7      | Reached skill level 5 in Throwing
  8403 | D:7      | Reached skill level 5 in Armour
  8403 | D:7      | Reached skill level 5 in Shields
  8403 | D:7      | Reached skill level 5 in Unarmed Combat
  8403 | D:7      | Reached skill level 5 in Evocations
  8403 | D:7      | Reached XP level 10. HP: 58/74 MP: 20/20
  8843 | D:8      | Reached skill level 7 in Dodging
  9259 | D:8      | Noticed Joseph
  9275 | D:8      | Killed Joseph
  9811 | D:8      | HP: 6/74 [poisoned by a killer bee]
  9812 | D:8      | Slain by a killer bee

Vanquished Creatures
  Joseph (D:8)
  A hornet (D:8)
  Grinder (D:3)
  A slime creature (D:7)
  A wyvern (D:8)
  2 steam dragons
  Edmund (D:6)
  3 water moccasins
  An orc warrior (D:6)
  A sky beast (D:6)
  2 ogres
  A centaur (D:7)
  The ghost of funkygono the Firebug, an amateur GrFE (D:4)
  Blork the orc (D:6)
  3 bullfrogs
  4 scorpions
  3 necrophages
  3 wights (D:8)
  A water moccasin skeleton (D:4)
  A howler monkey (D:8)
  A gnoll bouda (D:5)
  13 jellies
  5 orc priests
  A bullfrog skeleton (D:4)
  2 hounds
  2 iguanas
  3 orc wizards
  A hell rat (Sewer)
  A howler monkey zombie (D:4)
  9 gnolls
  4 river rats
  4 adders
  A shadow imp (D:5)
  3 white imps
  An ufetubus (D:7)
  2 adder skeletons (D:2)
  An adder zombie (D:2)
  A worm (D:2)
  6 dart slugs
  19 orcs
  6 bats
  A bat skeleton (D:2)
  21 endoplasms
  6 giant cockroaches
  7 goblins
  7 hobgoblins
  2 quokkas (D:1)
  6 ball pythons
  A ball python skeleton (D:2)
  A ball python zombie (D:2)
  A frilled lizard (D:3)
  4 kobolds
  2 quokka zombies (D:2)
  10 rats
188 creatures vanquished.

Vanquished Creatures (others)
  21 fulminant prisms
  6 fungi (D:7)
  2 withered plants (D:7)
29 creatures vanquished.

Grand Total: 217 creatures vanquished
